cohdb
Replays
Latest Replays
All Replays
Popular Replays
Top Player Replays
Match Explorer
How It Works
Community
CoH3 Stats
Reddit
Sign in to upload your games and track your stats! →
Sign in with Steam
Match 42507042
Unlisted
Match 42507042
Overview
Messages
Build Orders
End
Royal Engineer Section
Construct Section Command Post
Infantry Section
Vickers Machine Gun Team
Selects Canadian Shock Battlegroup
ML 3-inch Mortar Team
Selects Attacking Spirit
Selects Canadian Shock Section
Canadian Shock Section
Construct Platoon Command Post
Unlock M3 Stuart Light Tanks
Selects Burnout
M3 Stuart Light Tank
Construct Company Command Post
Selects Pyrotechnics
Selects Demolition Engineering
Crusader II Medium Tank
Canadian Shock Section
Crusader II Medium Tank
Unlock Bishop Self-propelled Artillery
Bishop Self-propelled Artillery
Selects Point Assault
Unlock M3 Grant Medium Tanks
M3 Grant Medium Tank
6-pounder Anti-tank Gun Team
Grenade Package
M3 Grant Medium Tank
M3 Grant Medium Tank
matjouz
Sarmynation
Sir_Edward97
Sir_Eldys
0
0
Comments
sign in to comment!
No comments posted yet!